Map: Last Remnant

Players

RuSe

  • Race: Terran Terran
  • Spawn Location: 12:00

coldkiller

  • Race: Protoss Protoss
  • League: Silver
  • Spawn Location: 1:00

Osirisnine

  • Race: Zerg Zerg
  • Spawn Location: 3:00

Dune

  • Race: Terran Terran
  • Spawn Location: 12:00

JaySlays - Winner!

  • Race: Protoss Protoss
  • Spawn Location: 7:00

Wolf - Winner!

  • Race: Terran Terran
  • League: Diamond
  • Spawn Location: 9:00

cosecant - Winner!

  • Race: Terran Terran
  • League: Platinum
  • Spawn Location: 6:00

InjectedKing - Winner!

  • Race: Terran Terran
  • League: Platinum
  • Spawn Location: 6:00

VOD

Have the link to the VOD?

Description

Time

  • Played on: April 3, 2018, 9:57 p.m.
  • Length: 22:33
Show
View Real Time Build Order
Export as new Build Order

RuSe Terran 

Build Orders: MMM Bio 

Get SALT Encoding   

  12  0:02  SCV  
  13  0:15  Supply Depot  
  13  0:18  SCV  
  14  0:28  Refinery  
  14  0:30  SCV  
  15  0:45  Barracks  
  15  0:47  SCV  
  16  1:01  Supply Depot, SCV  
  17  1:13  SCV  
  18  1:24  Barracks  
  18  1:30  SCV  
  19  1:34  Reaper  
  19  1:39  Supply Depot  
  20  1:44  SCV  
  21  1:56  Orbital Command  
  21  2:06  Reaper  
  22  2:14  Reaper  
  23  2:19  Barracks  
  23  2:22  SCV  
  24  2:23  Refinery  
  24  2:36  SCV  
  25  2:38  Reaper  
  25  3:31  Barracks Tech Lab  
  25  3:32  Barracks Tech Lab x2  
  25  3:36  SCV  
  25  3:37  Factory  
  26  3:51  Command Center, SCV  
  27  3:56  Command Center  
  27  3:57  Supply Depot  
  27  3:59  Supply Depot  
  27  4:01  Marauder  
  29  4:03  SCV  
  30  4:11  Marauder  
  30  4:13  Concussive Shells  
  30  4:16  Marauder  
  34  4:19  SCV  
  34  4:23  Factory Tech Lab  
  35  4:32  Stimpack  
  35  4:35  Combat Shields  
  35  4:38  SCV  
  36  4:52  SCV  
  37  4:54  Marauder x2  
  41  5:03  Siege Tank  
  41  5:04  SCV  
  41  5:06  SCV  
  46  5:13  Engineering Bay  
  46  5:15  Marine  
  47  5:25  Marauder  
  47  5:26  Marauder  
  51  5:39  Siege Tank  
  54  5:43  Missile Turret  
  54  5:46  Missile Turret x2  
  54  5:50  Missile Turret  
  54  5:52  SCV  
  55  6:01  SCV  
  55  6:03  Marine x3  
  59  6:10  Starport  
  59  6:13  SCV  
  60  6:26  Marine x2  
  60  6:27  Marine  
  63  6:34  Orbital Command  
  63  6:35  SCV  
  64  6:41  Refinery  
  64  6:44  Marine, Refinery  
  64  6:45  Marauder x2  
  69  6:47  SCV  
  69  6:49  Starport Reactor  
  69  6:52  Siege Tank  
  73  6:58  Terran Infantry Weapons Level 1  
  73  7:02  Marine  
  73  7:06  Marine x2  
  76  7:12  Supply Depot  
  76  7:15  Factory  
  76  7:21  SCV  
  76  7:22  SCV  
  78  7:26  Marine x2  
  80  7:33  SCV  
  80  7:34  SCV  
  80  7:35  Supply Depot  
  82  7:45  SCV  
  77  7:57  SCV  
  49  8:13  Marine x3  
  49  8:15  Medivac x2  
  54  8:30  Marine x2  
  54  8:31  Marine  
  57  8:45  Medivac x2  
  61  8:48  Marine x3  
  64  9:05  Siege Tank  
  64  9:06  Marine x3  
  70  9:14  Medivac  
  70  9:15  Barracks, Medivac  
  70  9:16  Barracks  
  70  9:17  Barracks  
  74  9:18  Factory Reactor  
  74  9:19  Barracks  
  74  9:24  Marine x3  
  74  9:30  Command Center  
  77  9:37  Siege Tank  
  80  9:42  Marine x3  
  78  10:05  Marine x3  
  69  10:22  Marine  
  69  10:23  Marine x2  
  69  10:40  Marine x2  
  69  10:41  Marine  
  63  10:58  Marine x2  
  63  10:59  Marine  
  61  11:16  Marine x3  
  57  11:23  Marine x3  
  57  11:24  Barracks Reactor  
  60  11:29  Medivac x2  
  64  11:34  Marine x3, Orbital Command  
  67  11:40  Marine  
  67  11:41  Marine x2, SCV x2  
  66  11:52  Marine x3  
  66  11:53  SCV x2  
  71  11:58  Marine x2  
  71  11:59  Marine, Medivac x2  
  78  12:05  SCV  
  78  12:06  SCV  
  80  12:09  Marine  
  80  12:10  Marine x2  
  83  12:16  Marine x3, Missile Turret  
  83  12:18  Missile Turret, SCV x2  
  83  12:20  Marine x2  
  90  12:27  Marine x2  
  90  12:28  Marine  
  90  12:29  Medivac  
  95  12:34  Marine x3  
  98  12:38  Marine x2  
  100  12:45  Marine x3  
  103  12:52  Marine x3  
  103  12:56  Marine x2  
  108  13:03  Marine x3  
  92  13:09  Marine  
  92  13:10  Marine x2  
  84  13:14  Marine x2  
  86  13:21  Marine x3  
  83  13:27  Marine x2  
  83  13:28  Marine  
  83  13:32  Marine x2  
  70  13:38  Marine  
  70  13:39  Marine x2  
  59  13:45  Marine x3  
  59  13:49  Marine  
  59  13:50  Marine  
  59  13:53  Viking x2  
  64  13:56  Marine x2  
  64  13:57  Marine  
  65  14:03  Marine x3  
  65  14:07  Marine x2  
  67  14:14  Marine x3  
  68  14:21  Marine x3  
  68  14:23  Viking x2  
  74  14:25  Marine x2  
  75  14:32  Marine x2  
  77  14:41  Marine x2  
  77  14:42  Marine x2  
  77  14:43  Marine  
  77  14:44  Marine  
  77  14:50  Marine x2  
  64  14:53  Viking x2  
  63  15:12  Orbital Command  
  63  15:23  Viking x2  
  67  15:37  Widow Mine x2  
  67  15:38  SCV  
  72  15:50  SCV  
  73  15:58  Widow Mine x2  
  77  16:15  Barracks Reactor  
  77  16:16  Barracks Reactor  
  77  16:17  Barracks Reactor  
  77  16:19  Supply Depot  
  77  16:20  Supply Depot  
  77  16:21  Supply Depot  
  77  16:23  Supply Depot  
  77  16:29  SCV  
  76  16:41  Siege Tank, SCV, Widow Mine x2  
  79  16:54  SCV  
  80  17:03  Widow Mine  
  82  17:13  Siege Tank  
  76  17:29  Marine x3  
  74  17:30  Marine x2  
  76  17:45  Siege Tank  
  72  18:01  Marine x7  
  72  18:02  Marine x4  
  83  18:17  Siege Tank  
  83  18:18  Marine  
  83  18:19  Marine x3  
  156  18:27  Viking x2  
  90  18:49  Siege Tank  
  93  18:57  Viking  
  68  19:11  Marine x6  
  68  19:12  Marine x3  
  63  20:09  Marine  
  63  20:10  Marine x6  
  63  20:11  Marine x2  
  72  20:28  Marine x2  
  72  20:29  Marine x2  
  76  21:02  Orbital Command, Factory Tech Lab  
  76  21:45  Viking x2  
  73  21:54  Marine  
  73  21:55  Marine x2  
  73  22:01  Barracks Reactor  
Show
View Real Time Build Order
Export as new Build Order

coldkiller Protoss 

Build Orders: Nexus First 

Get SALT Encoding   

  12  0:05  Probe (Chrono Boost)  
  13  0:18  Pylon  
  13  0:19  Probe (Chrono Boost)  
  14  0:25  Probe  
  15  0:40  Probe  
  16  0:52  Probe  
  17  1:04  Nexus  
  17  1:12  Probe  
  17  1:18  Gateway  
  18  1:20  Assimilator  
  18  1:24  Probe (Chrono Boost)  
  19  1:32  Pylon  
  19  1:34  Probe (Chrono Boost)  
  20  1:45  Probe, Assimilator  
  21  1:57  Probe, Pylon  
  22  2:07  Cybernetics Core  
  22  2:10  Probe (Chrono Boost)  
  23  2:19  Probe (Chrono Boost)  
  24  2:27  Pylon  
  24  2:29  Probe (Chrono Boost)  
  26  2:30  Probe (Chrono Boost)  
  26  2:37  Forge  
  26  2:38  Probe (Chrono Boost)  
  27  2:46  Stargate  
  27  2:48  Warp Gate  
  27  2:51  Probe  
  27  2:55  Probe  
  29  3:04  Probe (Chrono Boost)  
  30  3:08  Stargate  
  30  3:15  Probe (Chrono Boost)  
  31  3:22  Probe (Chrono Boost)  
  31  3:24  Probe (Chrono Boost)  
  31  3:25  Assimilator  
  33  3:28  Assimilator  
  33  3:30  Pylon  
  33  3:31  Protoss Shields Level 1  
  33  3:34  Probe (Chrono Boost)  
  35  3:35  Probe (Chrono Boost)  
  35  3:46  Probe  
  36  4:00  Probe  
  37  4:05  Void Ray  
  41  4:11  Photon Cannon  
  41  4:12  Probe  
  41  4:16  Stargate  
  42  4:18  Pylon  
  42  4:24  Probe  
  42  4:28  Void Ray  
  47  4:36  Probe  
  48  4:45  Twilight Council  
  48  4:48  Probe  
  49  5:06  Probe  
  50  5:34  Probe  
  51  5:36  Void Ray  
  51  5:37  Void Ray  
  51  5:38  Void Ray  
  55  6:22  Pylon  
  55  6:26  Void Ray x3  
  67  6:42  Photon Cannon  
  67  6:44  Photon Cannon  
  67  6:47  Pylon  
  67  7:08  Void Ray  
  67  7:09  Void Ray x2  
  79  7:21  Nexus  
  79  7:23  Pylon  
  79  7:27  Pylon  
  79  7:41  Pylon  
  79  7:43  Assimilator  
  79  7:47  Photon Cannon  
  79  7:50  Photon Cannon  
  79  7:51  Void Ray  
  79  7:52  Void Ray x2  
  67  8:25  Protoss Ground Armor Level 1 (Chrono Boost)  
  67  8:29  Charge  
  67  8:35  Probe (Chrono Boost)  
  68  8:41  Void Ray  
  68  8:42  Void Ray  
  68  8:43  Void Ray  
  68  8:45  Probe (Chrono Boost)  
  81  8:50  Probe (Chrono Boost)  
  82  9:24  Void Ray  
  66  9:25  Void Ray  
  66  9:28  Probe  
  66  9:31  Assimilator  
  71  9:34  Gateway  
  71  9:39  Gateway  
  71  9:40  Probe (Chrono Boost), Gateway  
  71  9:42  Dark Shrine  
  71  9:44  Templar Archives  
  72  9:46  Zealot  
  72  9:47  Pylon  
  72  9:50  Probe (Chrono Boost)  
  75  9:55  Probe (Chrono Boost)  
  76  10:03  Blink  
  76  10:06  Probe  
  35  10:36  Pylon  
  35  10:40  Templar Archives  
  35  10:50  Photon Cannon  
  35  10:53  Photon Cannon  
  35  10:54  Photon Cannon  
  35  10:57  Pylon  
  35  10:58  Shield Battery  
  35  11:00  Pylon  
  35  11:05  Pylon  
  35  11:08  Photon Cannon x2  
  35  11:17  Gateway  
  35  11:21  Gateway  
  35  11:22  Protoss Ground Armor Level 2 (Chrono Boost)  
  35  11:23  Gateway  
  35  11:25  Gateway  
  35  11:27  Pylon  
  35  11:30  Gateway, Psionic Storm  
  35  11:36  Pylon, High Templar  
  37  12:28  High Templar  
  39  12:32  High Templar  
  39  12:33  High Templar  
  39  12:34  High Templar  
  39  12:36  High Templar  
  46  12:39  Zealot  
  48  13:12  High Templar  
  50  13:13  High Templar  
  50  13:14  High Templar  
  50  13:15  High Templar  
  50  13:17  Zealot  
  50  13:18  Zealot  
  60  13:22  Protoss Ground Weapons Level 1  
  60  13:55  Stalker  
  62  13:56  Zealot  
  62  13:57  Zealot x2  
  62  13:58  Stalker  
  62  13:59  Stalker  
  72  14:24  Stalker x2  
  74  14:25  Zealot  
  74  14:27  Stalker x3  
  36  15:06  Zealot  
  36  15:07  Zealot x2  
  36  15:08  Stalker  
  36  15:09  Stalker, Zealot  
  46  15:43  Stalker  
  46  15:44  Stalker x3  
  46  15:45  Stalker x2  
  58  15:53  Robotics Facility  
  58  16:08  Stalker x2  
  58  16:09  Stalker x2  
  66  16:21  Nexus  
  50  17:02  Stalker x2  
  34  17:46  High Templar  
  34  17:47  High Templar  
  38  17:52  Probe (Chrono Boost)  
  39  18:24  High Templar  
  41  18:27  High Templar  
  41  18:30  High Templar  
  41  18:33  High Templar  
  47  18:37  High Templar  
  49  18:44  High Templar  
  51  18:50  Archon  
  51  18:51  Archon  
  51  18:57  High Templar  
  53  19:13  Assimilator  
  53  19:17  Assimilator  
  53  19:20  Pylon  
Show
View Real Time Build Order
Export as new Build Order

Osirisnine Zerg 

Build Orders: Pool First 

Get SALT Encoding   

  12  0:06  Drone  
  13  0:10  Drone  
  14  0:20  Overlord  
  14  0:32  Extractor, Drone  
  14  0:41  Drone x2  
  16  0:53  Spawning Pool  
  16  0:54  Drone  
  16  1:00  Drone  
  17  1:13  Overlord  
  17  1:22  Drone  
  18  1:40  Queen  
  18  1:44  Drone  
  18  1:46  Drone  
  22  1:53  Hatchery  
  21  2:03  Drone, Roach Warren  
  21  2:08  Drone  
  22  2:16  Drone  
  23  2:29  Overlord  
  23  2:42  Extractor  
  23  2:43  Roach  
  24  2:52  Roach  
  24  2:56  Roach  
  24  2:57  Roach x2  
  32  3:07  Evolution Chamber  
  31  3:16  Drone x3  
  34  3:28  Drone  
  34  3:29  Drone x5  
  40  3:40  Drone x2  
  42  3:54  Lair  
  42  3:56  Roach  
  42  3:59  Overlord  
  44  4:04  Zerg Ground Armor Level 1  
  44  4:18  Drone x2  
  46  4:27  Drone x6  
  52  4:38  Overlord x2  
  52  4:55  Burrow  
  52  5:00  Glial Reconstitution  
  52  5:04  Roach x2  
  52  5:07  Roach  
  58  5:11  Roach  
  60  5:15  Roach  
  60  5:20  Roach  
  64  5:24  Roach  
  66  5:33  Overlord x2  
  66  5:34  Overlord  
  66  5:41  Drone x2  
  68  5:47  Extractor x2, Queen  
  68  5:52  Overlord  
  68  6:01  Ravager x2  
  70  6:16  Hydralisk Den  
  69  6:18  Tunneling Claws  
  69  6:23  Queen  
  71  6:31  Drone x8  
  79  6:46  Hydralisk x3  
  85  6:50  Grooved Spines  
  85  6:59  Queen  
  87  7:02  Spore Crawler x2  
  87  7:04  Spine Crawler  
  87  7:05  Drone  
  87  7:06  Drone x4  
  89  7:10  Spore Crawler  
  89  7:11  Spore Crawler  
  89  7:13  Spore Crawler  
  86  7:17  Spine Crawler  
  86  7:18  Drone  
  86  7:19  Drone x3  
  86  7:21  Spine Crawler x2  
  87  7:27  Hydralisk  
  89  7:32  Hydralisk  
  91  7:38  Hydralisk  
  80  8:02  Muscular Augments  
  59  8:08  Roach x7  
  63  8:49  Roach  
  63  8:50  Roach x6  
  77  8:59  Overseer  
  77  9:03  Overseer x2  
  77  9:09  Hydralisk  
  77  9:10  Hydralisk x3  
  85  9:22  Roach x12  
  85  9:43  Hydralisk x4  
  85  9:45  Hydralisk x3  
  85  9:46  Hydralisk  
  85  9:48  Roach x7  
  85  9:50  Hydralisk, Roach x7  
  85  9:51  Hydralisk x7  
  99  9:53  Zergling x2  
  90  10:39  Hydralisk  
  90  10:40  Hydralisk x4  
  100  10:43  Overlord x5  
  79  11:11  Hydralisk  
  79  11:12  Hydralisk x2  
  71  11:21  Hydralisk x5  
  71  11:22  Hydralisk  
  81  11:42  Hydralisk  
  81  11:43  Hydralisk  
  85  11:54  Hydralisk  
  85  11:55  Hydralisk x2  
  91  12:18  Overseer x2  
  63  13:19  Hydralisk  
  57  13:20  Hydralisk x18  
  57  13:21  Hydralisk  
  93  13:35  Overlord x4  
  93  13:43  Overseer  
  85  14:25  Zerg Missile Weapons Level 1  
  85  14:33  Hydralisk  
  85  14:34  Hydralisk x13  
  113  14:50  Lurker Den  
  113  14:52  Hydralisk x20  
  92  15:17  Hydralisk  
  92  15:18  Hydralisk x12  
  118  15:55  Hydralisk  
  118  15:56  Hydralisk x9  
  138  16:17  Overlord x2  
  138  16:19  Zerg Ground Armor Level 2  
  138  16:20  Overlord  
  52  17:39  Hydralisk x7  
  66  17:55  Overseer  
  66  18:22  Hydralisk x4  
  74  18:53  Lurker x4  
  74  18:54  Lurker  
  67  20:35  Lurker x3  
Show
View Real Time Build Order
Export as new Build Order

Dune Terran 

Build Orders: Command Center First (CC), Mech 

Get SALT Encoding   

  12  0:01  SCV  
  13  0:13  SCV  
  14  0:19  Supply Depot  
  14  0:25  SCV  
  15  0:41  SCV  
  16  1:00  Command Center  
  16  1:05  SCV  
  17  1:14  Barracks  
  17  1:20  Refinery  
  17  1:23  SCV  
  18  1:29  Refinery  
  18  1:35  SCV  
  19  1:47  SCV  
  20  1:59  SCV  
  21  2:11  SCV  
  22  2:16  Factory  
  22  2:18  SCV  
  22  2:21  Barracks Reactor  
  22  2:22  Barracks Tech Lab  
  23  2:24  SCV  
  24  2:32  SCV  
  24  2:36  SCV  
  26  2:37  Refinery  
  26  2:39  Refinery  
  26  2:44  SCV  
  27  2:51  Factory  
  27  2:56  SCV x2  
  29  3:10  Siege Tank  
  32  3:13  Supply Depot  
  32  3:15  SCV x2  
  34  3:27  Orbital Command  
  34  3:30  Orbital Command  
  34  3:37  Factory Tech Lab  
  34  3:42  Armory  
  34  3:52  Siege Tank  
  34  3:54  SCV  
  38  3:56  SCV  
  39  4:06  SCV  
  39  4:09  SCV  
  41  4:13  Siege Tank  
  44  4:18  SCV  
  44  4:21  SCV  
  46  4:31  Supply Depot  
  46  4:32  Supply Depot  
  46  4:53  Siege Tank, SCV  
  46  4:56  Supply Depot  
  46  4:57  Factory  
  46  4:58  Siege Tank  
  53  5:12  SCV x2  
  55  5:24  SCV x2  
  55  5:26  Terran Vehicle Weapons Level 1, Engineering Bay  
  55  5:27  Command Center  
  57  5:29  Factory  
  57  5:36  Siege Tank x2  
  63  5:43  Factory  
  63  5:48  SCV  
  63  5:49  SCV  
  65  5:58  Factory Tech Lab  
  65  6:01  SCV x2  
  70  6:17  Supply Depot  
  70  6:18  Factory Reactor, Widow Mine  
  69  6:23  Factory Reactor  
  69  6:26  Factory Tech Lab  
  69  6:31  Supply Depot  
  69  6:33  SCV  
  69  6:38  SCV  
  69  6:39  Supply Depot, Widow Mine  
  73  6:43  Drilling Claws  
  73  6:45  SCV  
  74  6:49  Widow Mine x2  
  74  6:51  SCV x2  
  74  6:53  Supply Depot  
  80  6:57  SCV  
  80  7:00  Missile Turret  
  80  7:01  Supply Depot  
  81  7:03  SCV  
  81  7:08  Widow Mine x4  
  90  7:09  Siege Tank  
  90  7:10  Siege Tank  
  90  7:12  Siege Tank  
  99  7:16  Supply Depot  
  99  7:20  Missile Turret  
  99  7:24  Orbital Command  
  99  7:25  SCV x2  
  101  7:30  Refinery x2  
  101  7:37  SCV  
  101  7:38  SCV  
  101  7:39  Supply Depot  
  101  7:41  Missile Turret  
  103  7:45  Siege Tank x3  
  103  7:49  SCV  
  103  7:50  SCV  
  101  8:42  Siege Tank x3  
  101  8:43  Widow Mine x3  
  101  8:44  Widow Mine  
  115  9:06  Widow Mine x4  
  123  9:12  Terran Vehicle Weapons Level 2  
  123  9:14  Siege Tank, Widow Mine  
  123  9:15  Widow Mine  
  130  9:35  Siege Tank  
  130  9:36  Siege Tank  
  136  9:46  Siege Tank  
  116  10:22  Siege Tank  
  116  10:23  Siege Tank x2, Widow Mine  
  116  10:24  Widow Mine x3  
  127  10:45  Widow Mine x3  
  133  10:54  Siege Tank  
  124  11:06  Siege Tank x2  
  124  11:07  Widow Mine  
  124  11:08  Widow Mine x3  
  102  11:27  Siege Tank  
  102  11:28  Terran Vehicle And Ship Armor Level 1  
  102  11:30  Widow Mine x2  
  102  11:31  Widow Mine x2  
  113  11:38  Siege Tank x2  
  119  11:52  Widow Mine x3  
  125  11:59  Siege Tank  
  128  12:10  Siege Tank  
  128  12:11  Siege Tank  
  134  12:31  Siege Tank  
  134  12:43  Siege Tank x2  
  140  13:03  Siege Tank  
  128  13:15  Siege Tank x2  
  106  13:23  Terran Vehicle Weapons Level 3  
  86  13:35  Siege Tank  
  86  13:47  Siege Tank x2  
  92  13:52  Widow Mine x4  
  100  14:07  Siege Tank  
  97  14:13  Widow Mine x4  
  102  14:19  Siege Tank x2  
  105  14:34  Widow Mine  
  105  14:35  Widow Mine x3  
  113  14:39  Siege Tank  
  116  14:51  Siege Tank x2  
  122  14:56  Widow Mine x4  
  122  15:11  Siege Tank  
  125  15:17  Widow Mine x3  
  125  15:18  Widow Mine  
  133  15:23  Siege Tank x2  
  130  15:39  Widow Mine x2  
  130  15:42  Widow Mine x2  
  138  15:43  Siege Tank  
  141  15:55  Siege Tank x2  
  147  15:59  Terran Vehicle And Ship Armor Level 2  
  147  16:00  Widow Mine x2  
  147  16:03  Widow Mine x2  
  155  16:15  Siege Tank  
  158  16:21  Widow Mine x2  
  158  16:24  Widow Mine x2  
  166  16:27  Siege Tank x2  
  158  16:43  Widow Mine x2  
  158  16:46  Widow Mine x2  
  156  16:48  Siege Tank  
  155  16:59  Siege Tank  
  155  17:00  Widow Mine  
  160  17:04  Widow Mine x2  
  160  17:07  Widow Mine x2  
  168  17:20  Widow Mine  
  168  17:21  Widow Mine  
  163  17:25  Widow Mine  
  163  17:26  Widow Mine  
  132  17:39  Siege Tank  
  132  17:40  Widow Mine  
  132  17:41  Siege Tank, Widow Mine  
  132  17:42  Siege Tank  
  137  17:47  Widow Mine x2  
  141  18:02  Widow Mine  
  141  18:05  Widow Mine  
  145  18:08  Widow Mine x2  
  145  18:11  Siege Tank  
  136  18:13  Siege Tank  
  136  18:14  Siege Tank  
  132  18:43  Siege Tank  
  132  18:46  Siege Tank  
  88  19:17  Siege Tank x2  
  88  19:18  Siege Tank, Widow Mine  
  88  19:19  Widow Mine x2  
  100  19:33  Widow Mine  
  102  19:40  Widow Mine x3  
  108  19:49  Siege Tank  
  108  19:50  Widow Mine  
  99  20:24  Siege Tank x3  
  108  20:29  Widow Mine  
  108  20:30  Widow Mine  
  104  20:43  Widow Mine x2  
  108  20:51  Widow Mine  
  107  21:03  Widow Mine x3  
  107  21:04  Widow Mine  
  115  21:05  Widow Mine  
Show
View Real Time Build Order
Export as new Build Order

JaySlays Protoss - Winner!

Build Orders: 1 Gate Expand 

Get SALT Encoding   

  12  0:01  Probe  
  13  0:13  Probe  
  14  0:21  Pylon  
  14  0:25  Probe  
  15  0:39  Probe (Chrono Boost)  
  16  0:43  Gateway  
  16  0:48  Probe (Chrono Boost)  
  17  0:52  Assimilator  
  17  0:53  Probe (Chrono Boost)  
  18  1:05  Probe  
  19  1:17  Probe  
  20  1:24  Assimilator  
  20  1:29  Probe  
  21  1:42  Nexus  
  21  1:50  Cybernetics Core  
  21  1:57  Pylon  
  21  2:01  Probe  
  22  2:13  Probe (Chrono Boost)  
  24  2:23  Probe (Chrono Boost)  
  24  2:25  Warp Gate (Chrono Boost)  
  24  2:28  Probe (Chrono Boost), Gateway  
  25  2:41  Gateway  
  25  2:43  Probe  
  26  2:55  Probe  
  26  2:57  Probe  
  28  3:00  Stalker (Chrono Boost)  
  30  3:07  Probe  
  30  3:09  Probe  
  32  3:16  Stalker (Chrono Boost)  
  34  3:25  Probe  
  34  3:26  Probe  
  38  3:27  Stalker (Chrono Boost)  
  38  3:32  Stalker (Chrono Boost)  
  40  3:38  Probe  
  40  3:39  Probe  
  40  3:41  Robotics Facility  
  42  3:50  Probe  
  43  3:56  Assimilator  
  43  3:57  Probe  
  43  3:59  Assimilator  
  43  4:02  Probe  
  45  4:11  Pylon  
  45  4:15  Pylon  
  45  4:21  Gateway  
  45  4:22  Gateway  
  45  4:27  Twilight Council  
  49  4:32  Warp Prism  
  47  4:39  Probe  
  47  4:40  Probe  
  49  4:52  Probe, Stalker x3  
  56  5:03  Forge  
  56  5:06  Forge  
  56  5:07  Charge  
  56  5:13  Immortal (Chrono Boost)  
  60  5:25  Templar Archives  
  60  5:33  Pylon  
  60  5:35  Pylon x2  
  60  5:36  Probe  
  61  5:42  Protoss Ground Weapons Level 1 (Chrono Boost)  
  61  5:43  Protoss Ground Armor Level 1 (Chrono Boost)  
  61  5:51  Immortal (Chrono Boost)  
  65  6:12  Psionic Storm  
  65  6:21  Stalker x2  
  65  6:22  Stalker x3  
  65  6:23  Observer (Chrono Boost)  
  76  6:36  Shield Battery  
  76  6:42  Observer  
  76  6:43  Shield Battery  
  77  6:55  Dark Shrine  
  77  7:05  Stalker x4  
  85  7:57  Pylon  
  85  7:58  Pylon  
  85  8:00  Pylon  
  85  8:01  Pylon  
  85  8:03  Pylon  
  85  8:05  Pylon  
  85  8:17  Dark Templar x3  
  85  8:18  Dark Templar x2  
  85  8:57  Zealot x5  
  85  9:00  Protoss Ground Armor Level 2, Protoss Ground Weapons Level 2  
  85  9:01  Immortal (Chrono Boost)  
  99  9:13  Pylon  
  99  9:33  Immortal (Chrono Boost)  
  99  9:35  Zealot  
  99  9:36  Zealot x4  
  106  10:01  Sentry x5  
  106  10:04  Immortal (Chrono Boost)  
  110  10:25  Dark Templar  
  110  10:26  Dark Templar x4  
  116  10:40  Gateway  
  116  10:42  Gateway  
  116  10:45  Gateway  
  116  10:47  Gateway  
  116  10:50  Gateway  
  112  11:11  Protoss Ground Armor Level 3, Protoss Ground Weapons Level 3  
  92  11:50  High Templar x4  
  100  11:55  Archon  
  100  11:56  Archon  
  100  12:13  Zealot x2  
  100  12:14  Zealot x4  
  112  12:18  Immortal (Chrono Boost)  
  116  12:42  Dark Templar x3  
  122  12:50  Immortal  
  126  12:54  Zealot x5  
  126  12:55  Zealot x2  
  101  13:19  Zealot x4  
  95  13:20  Zealot x5  
  101  13:29  Immortal  
  79  14:08  Dark Templar x2  
  79  14:09  Immortal  
  87  14:10  Zealot x2  
  87  14:11  Zealot x4  
  87  14:13  Nexus  
  99  14:27  Pylon  
  77  15:06  High Templar x4  
  73  15:45  Assimilator  
  73  15:51  Assimilator  
  73  15:58  Zealot x2  
  77  16:05  High Templar x3  
  77  16:06  High Templar  
  77  16:11  Archon x2  
  81  16:35  Warp Prism  
  81  16:38  Zealot x2  
  81  16:39  Zealot x2  
  79  16:57  High Templar  
  79  16:58  High Templar x4  
  89  17:03  Archon x2  
  43  17:57  Zealot x3  
  43  17:58  Zealot x4  
  53  17:59  Zealot x3  
  33  18:29  Dark Templar x2  
  33  18:30  Dark Templar  
  33  18:32  Dark Templar  
  17  19:21  High Templar  
  17  19:22  High Templar  
  21  20:10  High Templar  
  19  21:34  High Templar x2  
Show
View Real Time Build Order
Export as new Build Order

Wolf Terran - Winner!

Build Orders:  

Get SALT Encoding   

  12  0:01  SCV  
  13  0:13  SCV  
  14  0:19  Supply Depot  
  14  0:25  SCV  
  15  0:41  SCV  
  16  0:45  Barracks  
  16  0:53  SCV, Refinery  
  17  1:08  SCV  
  18  1:20  SCV  
  19  1:33  Orbital Command  
  19  1:41  Command Center  
  19  1:56  Barracks Reactor  
  19  2:00  SCV  
  20  2:06  Barracks  
  20  2:09  Refinery  
  20  2:12  Supply Depot, SCV  
  21  2:24  SCV  
  22  2:34  Marine  
  22  2:35  Marine  
  22  2:36  Factory  
  22  2:37  SCV  
  25  2:49  SCV  
  26  2:51  Supply Depot  
  26  2:54  Marine x2  
  27  3:01  SCV  
  27  3:02  Barracks Tech Lab  
  25  3:26  SCV x2  
  27  3:42  SCV  
  27  3:45  Orbital Command  
  28  3:54  SCV  
  29  3:57  Marine x2  
  31  4:06  SCV  
  32  4:12  Factory Reactor, Starport  
  32  4:13  SCV  
  33  4:20  SCV  
  34  4:25  Stimpack, SCV  
  34  4:30  Marine x3  
  38  4:34  SCV  
  38  4:37  SCV  
  40  4:46  SCV  
  40  4:47  Marine  
  40  4:48  Marine x2  
  40  4:49  SCV  
  45  4:55  Engineering Bay  
  45  4:58  SCV  
  46  5:01  SCV  
  46  5:02  Supply Depot  
  46  5:04  Medivac x2, Factory Tech Lab  
  46  5:05  Marine  
  52  5:07  Marine x2  
  54  5:17  Bunker  
  54  5:22  Supply Depot  
  54  5:23  SCV x2  
  54  5:24  Missile Turret  
  56  5:28  Missile Turret  
  57  5:35  SCV x2  
  57  5:36  Supply Depot, Medivac  
  57  5:37  Medivac  
  62  5:44  Siege Tank  
  62  5:45  Marine x3  
  62  5:47  SCV  
  69  5:54  Supply Depot  
  69  5:56  Supply Depot  
  69  5:57  Refinery  
  69  5:59  SCV x2, Refinery  
  69  6:02  Marine x2  
  69  6:03  Marine  
  74  6:08  Terran Infantry Weapons Level 1  
  74  6:17  Medivac  
  78  6:22  Marine x3  
  78  6:25  Siege Tank  
  82  6:31  SCV x2  
  82  6:32  Barracks  
  84  6:34  Barracks  
  84  6:37  Supply Depot  
  84  6:43  Marine x3  
  87  6:55  SCV x2  
  87  6:57  Siege Tank  
  92  7:03  Marine x2  
  92  7:07  SCV  
  97  7:08  Viking  
  97  7:11  Viking  
  101  7:21  Marine x2  
  103  7:24  Barracks Reactor  
  103  7:25  Marine, Barracks Reactor  
  102  7:39  Marine x2  
  97  7:48  Marine  
  85  8:05  Marine x4  
  85  8:06  Marine x3  
  81  8:23  Marine x5  
  81  8:24  Siege Tank  
  89  8:31  Terran Infantry Armor Level 1  
  89  8:39  Engineering Bay  
  89  8:42  Armory  
  89  8:44  Marine x2  
  89  8:45  Marine x5  
  96  8:56  Barracks, Siege Tank  
  96  8:57  Barracks  
  96  8:59  Barracks  
  96  9:00  Barracks  
  96  9:02  Supply Depot x2, Marine x2  
  99  9:03  Marine x4  
  99  9:04  Supply Depot  
  99  9:05  Supply Depot  
  99  9:07  Viking x2  
  108  9:27  Marine  
  108  9:28  Marine x5  
  108  9:29  Marine  
  115  9:51  Marine x3  
  115  9:52  Marine x4  
  122  9:54  Barracks Tech Lab, Barracks Reactor  
  110  10:09  Marine x2  
  96  10:23  Marine x2  
  96  10:24  Marine x3  
  96  10:27  Marine x2  
  95  10:30  Barracks Reactor x2  
  95  10:33  Marine  
  95  10:34  Marine x2  
  98  10:36  Siege Tank  
  98  10:41  Marine x2  
  98  10:42  Marine x3  
  106  10:46  Viking x2  
  71  11:06  Marine  
  71  11:07  Marine x13  
  71  11:08  Siege Tank  
  80  11:16  Viking x2  
  84  11:24  Marine  
  84  11:25  Marine  
  86  11:31  Marine  
  86  11:32  Marine x5  
  91  11:33  Marine  
  91  11:36  Marine  
  94  12:03  Marine  
  94  12:04  Marine x6  
  94  12:05  Marine  
  102  12:19  Command Center  
  102  12:29  Marine  
  102  12:30  Marine x2  
  91  13:19  Marine  
  91  13:20  Marine x5  
  91  13:21  Marine x8  
  103  13:37  Marine x2  
  103  13:38  Marine x2  
  93  14:20  Marine x10  
  95  14:25  Terran Infantry Weapons Level 2  
  91  14:43  Terran Infantry Armor Level 2  
  91  15:14  Siege Tank  
  94  15:26  SCV  
  95  15:42  Medivac  
  97  15:58  SCV  
  98  16:10  SCV  
  99  16:12  Siege Tank  
  102  16:22  SCV  
  74  16:57  Viking x2  
  74  16:59  Siege Tank  
  81  17:01  Marine x3  
  81  17:02  Marine x11  
  95  17:19  Marine  
  80  17:32  Siege Tank  
  80  17:35  Marine x5  
  88  17:41  SCV  
  80  18:46  Siege Tank  
  60  19:18  Siege Tank, Refinery  
  60  19:22  Refinery  
  63  19:24  Marine  
  63  19:25  Marine x13  
  77  19:42  Marine  
  77  19:43  Marine x2  
  80  19:46  Marine x5  
  80  19:47  Marine x2  
  80  19:50  Siege Tank, Viking x2  
  94  20:09  Marine x7  
  101  20:22  Siege Tank  
  104  20:31  Supply Depot  
  104  20:35  Marine  
  104  20:36  Marine x6  
  110  20:56  Siege Tank  
  99  21:38  Siege Tank  
  99  21:39  Marine x10  
  106  21:40  Marine x3  
  85  22:07  Marine x2  
  85  22:08  Marine x5  
Show
View Real Time Build Order
Export as new Build Order

cosecant Terran - Winner!

Build Orders: MMM Bio 

Get SALT Encoding   

  12  0:02  SCV  
  13  0:14  SCV  
  13  0:20  Supply Depot  
  14  0:26  SCV  
  15  0:31  Refinery  
  15  0:42  SCV  
  16  0:48  Barracks  
  16  0:54  SCV  
  17  1:06  SCV  
  18  1:18  SCV  
  19  1:32  Command Center  
  19  1:37  Barracks Reactor  
  19  1:52  Factory  
  19  1:59  SCV  
  20  2:04  Refinery  
  20  2:11  SCV  
  21  2:16  Marine x2  
  23  2:23  Supply Depot  
  23  2:28  Orbital Command  
  23  2:41  Factory Tech Lab  
  23  2:44  Marine x2  
  25  3:02  Marine  
  26  3:06  Engineering Bay  
  26  3:09  Marine  
  27  3:15  Siege Tank  
  27  3:19  SCV  
  31  3:31  Orbital Command  
  31  3:45  Starport  
  31  3:54  Missile Turret  
  31  3:56  Missile Turret  
  31  4:09  Barracks Tech Lab  
  31  4:23  Factory Tech Lab  
  31  4:24  Command Center  
  31  4:36  Barracks  
  31  4:40  Marine  
  31  4:41  Starport Reactor  
  32  4:50  Barracks, Factory Reactor  
  32  4:57  Marine  
  33  5:00  Barracks  
  33  5:01  Terran Infantry Weapons Level 1  
  33  5:06  SCV  
  34  5:11  Supply Depot  
  34  5:13  SCV  
  35  5:16  Marine  
  35  5:18  SCV  
  35  5:21  Medivac  
  39  5:25  Medivac  
  41  5:33  SCV x2  
  43  5:38  Orbital Command  
  43  5:45  SCV x2  
  45  5:50  Supply Depot x2  
  45  5:52  Stimpack  
  45  5:56  Combat Shields  
  45  6:07  Marine  
  45  6:08  Marine x2  
  48  6:19  Barracks  
  48  6:22  Factory Reactor  
  48  6:25  Marine  
  49  6:33  Barracks, SCV  
  49  6:36  Marine  
  49  6:37  Marine  
  49  6:39  Marine  
  52  6:42  Missile Turret  
  53  6:48  SCV x3  
  53  6:51  Missile Turret  
  53  6:53  Marine  
  57  6:55  Terran Infantry Armor Level 1  
  57  7:00  SCV x2  
  59  7:02  SCV, Engineering Bay  
  60  7:10  Marine x2  
  60  7:12  SCV x2  
  60  7:13  Marine x2, Missile Turret  
  60  7:14  Marine  
  67  7:28  Supply Depot, Medivac  
  67  7:29  Supply Depot  
  69  7:30  Medivac  
  69  7:32  Supply Depot  
  69  7:35  Marine x2  
  69  7:36  Marine x2  
  75  7:39  Barracks Reactor  
  75  7:50  Marine x3  
  78  7:52  Armory  
  78  7:53  Marine x2  
  78  7:55  Marine x2  
  82  8:08  Marine x3  
  82  8:11  Marine x2  
  86  8:13  Marine x2  
  79  8:25  Marine  
  79  8:26  Marine x2  
  81  8:29  Marine  
  61  8:42  Marine x2  
  61  8:43  Marine x4  
  61  8:46  Marine x2  
  61  8:47  Marine  
  70  9:00  Marine x3  
  70  9:01  Marine  
  70  9:02  Marauder  
  76  9:04  Marauder x2  
  72  9:21  Marine  
  72  9:22  Marine x4  
  72  9:23  Marauder  
  69  9:25  Terran Infantry Armor Level 2, Terran Infantry Weapons Level 2, Marauder  
  69  9:26  Marine, Marauder  
  70  9:39  Marine x3  
  70  9:40  Marine  
  70  9:42  Supply Depot, SCV  
  70  9:43  SCV  
  70  9:44  Marauder  
  70  9:45  SCV  
  79  9:46  Supply Depot  
  79  9:47  Marauder  
  81  9:55  SCV  
  82  10:04  Marine x3  
  82  10:05  Marine x3  
  82  10:06  Marauder x2  
  92  10:08  Marauder  
  92  10:22  Marine x2  
  59  11:09  Marine x3  
  59  11:10  Marine x2  
  59  11:11  Marine x4  
  54  11:15  Medivac x2  
  63  11:18  Cyclone x2  
  66  11:27  Marine x3  
  66  11:28  Marine x3, Terran Vehicle Weapons Level 1  
  66  11:29  Marine x3  
  76  11:32  SCV  
  76  11:33  SCV x2  
  76  11:34  Refinery  
  76  11:35  Refinery  
  78  11:44  Marine x2, SCV  
  78  11:45  Medivac, SCV x2  
  87  11:47  Marauder x3  
  87  11:48  Marine, Medivac  
  87  11:49  Marine x3  
  87  11:51  Hellion x2  
  101  11:55  Command Center  
  101  12:02  Marine x2  
  101  12:06  Marine x3  
  101  12:07  Marine  
  101  12:08  Marine x3  
  108  12:12  Hellion x2  
  114  12:20  Marine x2  
  116  12:24  Marine x4, Refinery  
  116  12:26  Marine, Refinery  
  121  12:30  Supply Depot x2  
  121  12:32  Supply Depot  
  121  12:33  Supply Depot, Hellion x2  
  121  12:34  Supply Depot x2  
  121  12:36  Supply Depot  
  109  12:47  Marine x8  
  109  12:48  Marine  
  112  13:04  Marine x2  
  112  13:05  Marine x2, Medivac x2  
  119  13:19  Marine x4  
  123  13:21  Marine  
  123  13:22  Marine x2  
  123  13:24  Marine x2  
  122  13:35  Medivac x2  
  122  13:37  Marine  
  127  14:05  Medivac x2  
  98  14:17  Marine x2  
  100  14:26  Marine x5  
  100  14:27  Marine  
  106  14:34  Marine  
  106  14:35  Marine x2  
  109  14:44  Marine  
  96  15:05  Marine x2  
  96  15:09  Marine x2  
  96  15:10  Marine x5  
  103  15:22  Marine x2  
  103  15:27  Marine x2  
  102  15:42  Marine x7  
  107  15:45  Marine x2  
  109  15:59  Marine  
  109  16:00  Marine x6  
  109  16:03  Marine  
  117  16:04  Marine  
  117  16:10  Medivac x2  
  122  16:13  Orbital Command  
  122  16:17  Marine x3  
  122  16:18  Marine x3, Refinery  
  128  16:33  Marine x3  
  128  16:35  Marine x4  
  128  16:36  Marine x2  
  137  16:40  Medivac x2  
  122  16:49  Supply Depot, Missile Turret  
  122  16:51  Marine x3, Supply Depot  
  122  16:53  Marine x5, Supply Depot  
  122  16:54  Marine  
  88  17:08  Marine x2  
  88  17:09  Marine  
  88  17:10  Medivac x2  
  88  17:11  Marine x4  
  88  17:12  Terran Infantry Armor Level 3, Terran Infantry Weapons Level 3  
  88  17:13  Marine x2  
  101  17:26  Marine x3  
  101  17:28  Marine  
  105  17:32  Marauder x2  
  109  17:40  Medivac x2  
  109  17:42  Marine x2  
  102  17:45  Marauder  
  102  17:47  Marine x2  
  102  17:52  Marine x2  
  102  17:53  Liberator x2, Marauder x2  
  97  18:06  Marauder  
  105  18:13  Factory  
  105  18:14  Factory, Marauder  
  105  18:16  Refinery  
  105  18:17  Starport, Factory  
  107  18:20  Marine x5  
  107  18:21  Marine x2, Starport  
  114  18:27  Marine  
  115  18:35  Marine, Liberator  
  115  18:36  Liberator  
  115  18:38  Marine x6  
  115  18:39  Marine  
  123  19:11  Marine  
  123  19:12  Marine  
  123  19:15  Marine x7  
  132  19:18  Liberator, Factory Tech Lab x3  
  132  19:20  Starport Reactor x2  
  125  19:34  Marauder x2  
  104  20:25  Marine x5  
  104  20:26  Marine x4  
  98  20:28  Siege Tank x3  
  107  20:42  Hellion x2  
  111  20:43  Marine x7  
  111  20:44  Marine x2  
  120  20:51  Medivac x2  
  124  21:00  Marine, Siege Tank  
  124  21:01  Marine x7, Siege Tank x2  
  124  21:02  Marine  
  124  21:03  Hellion  
  144  21:18  Marine  
  144  21:19  Marine x5  
  150  21:33  Siege Tank  
  150  22:08  Marine x7  
  153  22:09  Marine, Marauder  
Show
View Real Time Build Order
Export as new Build Order

InjectedKing Terran - Winner!

Build Orders: Cyclone Opening, Mech 

Get SALT Encoding   

  12  0:01  SCV  
  13  0:13  SCV  
  14  0:18  Supply Depot  
  14  0:25  SCV  
  15  0:33  Refinery  
  15  0:40  SCV  
  16  0:45  Barracks  
  16  0:54  SCV  
  17  1:11  SCV  
  17  1:15  Refinery  
  18  1:23  SCV  
  19  1:37  Factory  
  19  1:42  Orbital Command  
  19  1:47  Barracks Reactor  
  19  1:54  Supply Depot  
  19  2:09  SCV  
  20  2:26  SCV  
  21  2:30  Cyclone x2  
  21  2:34  Supply Depot  
  27  2:38  SCV  
  28  2:50  SCV  
  29  3:00  Command Center  
  29  3:12  Cyclone  
  32  3:25  SCV  
  33  3:34  Starport  
  33  3:45  Factory  
  33  3:50  Cyclone  
  33  3:52  SCV  
  33  3:53  Hellion  
  39  3:58  Supply Depot  
  39  4:11  SCV, Orbital Command  
  39  4:14  Starport Reactor  
  40  4:23  SCV  
  41  4:31  Factory Tech Lab  
  41  4:36  Factory  
  41  4:39  SCV  
  41  4:40  SCV  
  41  4:45  Hellion x2  
  47  4:51  SCV  
  47  4:52  Viking x2  
  50  4:57  SCV  
  53  5:01  Refinery  
  53  5:02  Refinery  
  53  5:05  SCV  
  54  5:09  SCV  
  54  5:10  Siege Tank  
  58  5:17  SCV  
  58  5:20  Supply Depot  
  59  5:22  Supply Depot  
  59  5:28  SCV  
  59  5:34  Factory Tech Lab  
  60  5:39  Hellion  
  60  5:42  Hellion, Siege Tank  
  67  5:46  Supply Depot  
  67  5:47  Infernal Pre-Igniter  
  65  6:15  Viking x2  
  65  6:17  SCV x2  
  71  6:23  Supply Depot  
  71  6:30  Siege Tank  
  71  6:31  Siege Tank  
  77  6:43  SCV x2  
  77  6:46  Supply Depot  
  79  6:48  Starport  
  79  6:51  Viking x2  
  83  6:55  SCV x2  
  85  7:01  Supply Depot  
  85  7:19  Siege Tank x2  
  91  7:23  Command Center  
  91  7:24  Hellion x2  
  91  7:25  SCV x2  
  97  7:40  Viking x2  
  97  7:42  Starport Reactor  
  62  8:20  Siege Tank x2  
  62  8:27  Liberator x2  
  62  8:29  Liberator  
  59  8:40  Orbital Command  
  59  8:41  SCV x2  
  74  8:48  Hellion x2  
  74  8:52  Hellion, Siege Tank  
  74  8:53  Barracks, SCV  
  74  8:54  SCV  
  74  8:55  Barracks  
  81  8:57  Barracks Reactor  
  81  9:04  Viking  
  81  9:05  SCV  
  84  9:15  Armory  
  84  9:29  Engineering Bay  
  84  9:30  SCV x3  
  87  9:44  Refinery x2  
  87  9:45  SCV x2  
  89  9:50  Hellion x2  
  89  9:51  Hellion x2  
  97  9:53  Viking  
  97  9:54  Viking x3  
  105  10:06  Liberator  
  105  10:07  Liberator  
  105  10:22  Liberator  
  105  10:23  Viking  
  110  10:36  Liberator  
  110  10:42  Hellion x3, Hellbat, SCV  
  116  10:43  SCV  
  117  10:50  Missile Turret  
  117  10:52  Barracks Tech Lab, Barracks Reactor  
  120  11:03  Hellion x2  
  124  11:11  Missile Turret  
  124  11:13  Supply Depot  
  124  11:14  Supply Depot  
  124  11:15  Supply Depot  
  124  11:17  Supply Depot, Liberator x2  
  124  11:18  Liberator  
  124  11:20  Armory x2  
  124  11:35  Hellion  
  124  11:36  Hellion x2  
  124  11:37  Liberator  
  139  11:56  Command Center, Thor  
  139  11:57  Thor  
  154  12:22  Viking  
  156  12:28  Supply Depot  
  156  12:30  Supply Depot  
  156  12:31  Supply Depot  
  156  12:32  Supply Depot, Missile Turret  
  156  12:38  Hi-Sec Auto Tracking  
  156  12:39  Terran Vehicle Weapons Level 1  
  156  12:40  Terran Vehicle And Ship Armor Level 1  
  156  12:49  Thor, Viking  
  164  12:52  Viking  
  166  13:00  Siege Tank  
  155  13:27  Liberator x3  
  155  13:32  Siege Tank  
  136  13:48  Liberator  
  136  14:08  Hellion x4  
  147  14:10  Liberator x2  
  147  14:14  SCV  
  148  14:17  Fusion Core  
  148  14:19  Terran Ship Weapons Level 1  
  148  14:28  SCV  
  148  14:29  Hellion  
  157  14:32  Starport  
  154  14:39  Planetary Fortress  
  154  14:44  SCV  
  154  14:45  SCV  
  132  14:56  Liberator  
  132  14:57  Liberator x3  
  113  15:16  Hellion x3, Refinery, Widow Mine  
  113  15:18  Refinery  
  113  15:19  Starport Reactor  
  127  15:24  Terran Vehicle Weapons Level 2  
  127  15:25  Terran Vehicle And Ship Armor Level 2  
  127  15:36  Missile Turret  
  127  15:37  Hellion  
  127  15:40  Missile Turret  
  129  15:49  Hellion x3  
  135  15:56  Missile Turret  
  135  15:59  Hellion  
  135  16:00  Missile Turret, Liberator  
  137  16:09  Building Armor  
  137  16:13  Thor x2  
  137  16:16  Hellion  
  154  16:18  Missile Turret  
  154  16:20  Hellion  
  149  16:53  Liberator x2  
  149  16:54  Liberator x2  
  141  17:03  Command Center  
  132  17:13  Hellion x4  
  138  17:23  Liberator x2  
  121  17:34  Hellion  
  91  17:42  Hellion x3  
  91  17:43  Marine x5  
  108  17:51  Missile Turret  
  108  18:01  Marine x2  
  106  18:29  Terran Ship Weapons Level 2  
  106  18:30  Liberator x2  
  106  18:31  Terran Vehicle Weapons Level 3  
  90  18:43  Starport  
  90  18:46  Hellion x3  
  83  19:08  Thor  
  89  19:11  Hellion x3, Liberator  
  98  19:32  Marine x4, Hellbat, Hellion x2  
  98  19:33  Marine  
  98  19:37  Liberator x4  
  109  19:50  Marine  
  109  19:52  Hellion  
  112  19:55  Marine  
  112  19:56  Marine x3  
  112  19:59  Liberator  
  128  20:00  Starport Tech Lab  
  128  20:08  Marine  
  128  20:13  Marine  
  130  20:17  Hellion  
  130  20:18  Hellion x3  
  141  20:22  Command Center  
  141  20:33  Liberator x3  
  141  20:34  Liberator x2  
  141  20:39  Hellion  
  141  20:44  Hellion x3, Marine x4  
  141  20:45  Marine  
  167  20:59  Viking x2  
  167  21:00  Hellion  
  167  21:02  Marine x4  
  177  21:10  Advanced Ballistics  
  177  21:15  Hellion x3  
  183  21:22  Hellion  
Tags
 
Add a new tag
Caveats
  • Supply blocks, unpowered buildings, or Contaminate may cause inaccurate times.
  • Supply counts are checked every 10 seconds.